 Dungeon Crawl Stone Soup version 0.27.1-4-g1640c2035a (webtiles) character file.

Game seed: 7092953220717057538

32 raph the Slasher (level 3, -1/46 HPs)
             Began as a Minotaur Berserker on Oct 31, 2021.
             Was a Follower of Trog.
             Slain by an orc priest (2 damage)
             ... on level 2 of the Dungeon.
             The game lasted 00:02:15 (1194 turns).

raph the Slasher (Minotaur Berserker)               Turns: 1194, Time: 00:02:15

Health: -1/46      AC:  5    Str: 21    XL:     3   Next: 8%
Magic:  2/2        EV: 11    Int:  4    God:    Trog [*.....]
Gold:   33         SH:  0    Dex: 10    Spells: 2/2 levels left

rFire    . . .     SeeInvis .   c - +1 triple sword (holy)
rCold    . . .     Faith    .   (shield currently unavailable)
rNeg     . . .     Spirit   .   d - +0 ring mail
rPois    .         Reflect  .   (helmet restricted)
rElec    .         Harm     .   (no cloak)
rCorr    .         Rampage  .   (no gloves)
Will     .....                  (no boots)
Stlth    ..........             (no amulet)
HPRegen  0.15/turn              (no ring)
MPRegen  0.08/turn              (no ring)

@: confused, berserking (expiring), very quick
A: horns 2, retaliatory headbutt
a: Renounce Religion, Berserk


You were on level 2 of the Dungeon.
You worshipped Trog.
Trog was aware of your devotion.
You visited 1 branch of the dungeon, and saw 2 of its levels.

You collected 33 gold pieces.

Inventory:

Hand Weapons
 a - a +0 falchion
 c - a +1 triple sword of holy wrath (weapon)
Missiles
 f - 12 poisoned darts (quivered)
Armour
 b - a +1 animal skin
 d - a +0 ring mail (worn)
Scrolls
 h - a scroll of identify {unknown}
Potions
 e - a potion of might {unknown}
 g - a potion of haste {unknown}
 i - a potion of curing {unknown}


   Skills:
 - Level 3.6 Fighting
 + Level 5.2 Long Blades
 - Level 2.4 Armour
 - Level 2.1 Dodging


You had 2 spell levels left.
You didn't know any spells.
Your spell library was empty.

Dungeon Overview and Level Annotations

Branches:
Dungeon (2/15)

Altars:
Dithmenos


Innate Abilities, Weirdness & Mutations

You have a pair of horns on your head.
You reflexively headbutt those who attack you in melee.


Message History

The orc wizard flickers and vanishes!
Deactivating autopickup; reactivate with Ctrl-A.
An orc priest comes into view. It is wielding a +0 whip.
A dart slug comes into view.
The orc priest shouts!
A hound comes into view.
Something hits you but does no damage.
The orc priest calls down the wrath of Beogh upon you.
Pain shoots through your body!
You hit the orc priest. You headbutt the orc priest.
The orc priest is almost dead.
The hound bites you. Something hits you.
The orc priest hits you but does no damage.
The hound bites you but does no damage. Something hits you.
You are too injured to fight recklessly!
You are too injured to fight recklessly!
You are too injured to fight recklessly!
You are too injured to fight recklessly!
You are too injured to fight recklessly!
You are too injured to fight recklessly!
You are too injured to fight recklessly!
A red film seems to cover your vision as you go berserk!
You feel yourself moving faster!
You feel mighty! The hound bites you.
The orc priest miscasts a cantrip.
You hear some strange, mumbled words.
You are confused.
The hound bites you.
You bump into the rock wall.
You feel a strong urge to attack something.
The orc priest invokes the aid of Beogh against you.
Pain shoots through your body!
* * * LOW HITPOINT WARNING * * *
The hound bites you but does no damage. Something hits you but does no damage.
You bump into the rock wall.
The hound bites you but does no damage. The orc priest closely misses you.
Unknown command.
You barely miss something. Your headbutt misses something.
The hound closely misses you. Something hits you but does no damage.
The orc priest hits you with a +0 whip.
You die...

#############
#...........#
###...........#
..(...........#
..........##### .#
..........#########...#.
...............{@ow.....
..).........##.##h....#.
............##.# .#.#.#
...............# .. #
..........####.# ##.
.....>....'..... ..
#####'#...####.# ..
#.'...+.##.# ###
###...#....


You could see a hound, an orc priest and a dart slug.

Vanquished Creatures
  A dart slug (D:1)
  An orc (D:2)
  6 bats (D:1)
  3 endoplasms (D:1)
  A giant cockroach (D:1)
  6 goblins
  3 kobolds (D:1)
  A quokka (D:1)
  A frilled lizard (D:1)
  4 rats (D:1)
27 creatures vanquished.

Notes
Turn   | Place    | Note
-------+----------+-------------------------------------------
     0 | D:1      | raph the Minotaur Berserker began the quest for the Orb.
     0 | D:1      | Reached XP level 1. HP: 19/19 MP: 0/0
   146 | D:1      | Reached skill level 4 in Long Blades
   370 | D:1      | Reached XP level 2. HP: 26/26 MP: 1/1
   433 | D:1      | Found a faded altar of an unknown god.
   473 | D:1      | Reached skill level 5 in Long Blades
   831 | D:1      | Reached XP level 3. HP: 27/31 MP: 2/2
   885 | D:2      | Identified a scroll of acquirement
   885 | D:2      | Acquired a +1 triple sword of holy wrath
   924 | D:2      | Found a shadowy altar of Dithmenos.
  1192 | D:2      | HP: 1/46 [orc priest/nerve-wracking pain (14)]
  1194 | D:2      | Slain by an orc priest

Illustrated notes

Levels and vault maps discovered:
D:1:      heliophobic_arrival_dark_side_of_the_moon, layout_basic,
          ebering_ecumenical_altar_rust, serial_bayou_pond_c
D:2:      layout_basic, basic_altar, minmay_pentomino_s4, uniq_sigmund

Skill      XL: |  1  2 |
---------------+-------+-----
Long Blades    | 4 5 |  5.2
Fighting       | |  3.6
Armour         | |  2.4
Dodging        | |  2.1

Action                   || total
-------------------------++-------
Melee: Falchion          ||    31
       Headbutt          ||     4
       Triple sword      ||     7
Throw: Dart              ||     1
Invok: Berserk           ||     4
  Use: Scroll            ||     2
Armor: Animal skin       ||     7
       Ring mail         ||    10
Dodge: Dodged            ||    22
       Rpst.: Falchion   ||     6
       Triple sword      ||     1
